 Dungeon Crawl Stone Soup version 0.30.1-4-g462c640d31 (webtiles) character file.

Game seed: 13551165889020540273

3 H0rd4k the Charlatan (level 1, 0/13 HPs)
             Began as an Octopode Artificer on Sept 11, 2023.
             Slain by a quokka (5 damage)
             ... on level 1 of the Dungeon.
             The game lasted 00:00:12 (82 turns).

H0rd4k the Charlatan (Octopode Artificer)             Turns: 82, Time: 00:00:12

Health: 0/13       AC:  1    Str: 11    XL:     1   Next: 50%
Magic:  1/1        EV: 13    Int: 13    God:
Gold:   10         SH:  0    Dex: 12    Spells: 0/0 levels left

rFire   . . .        (no weapon)
rCold   . . .        (no shield)
rNeg    . . .        (helmet restricted)
rPois   .            (no amulet)
rElec   .            (no ring)
rCorr   .            (no ring)
SInv    .            (no ring)
Will    .....        (no ring)
Stlth   +++          (no ring)
HPRegen 0.22/turn    (no ring)
MPRegen 0.07/turn    (no ring)
                     (no ring)

%: no passive effects
@: no status effects
A: almost no armour, amphibious, 8 rings, camouflage 1, gelatinous body 1,
(nimble swimmer 1), tentacles
a: no special abilities


You were on level 1 of the Dungeon.
You visited 1 branch of the dungeon, and saw 1 of its levels.

You collected 10 gold pieces.

Inventory:

Wands
 b - a wand of flame (15) (quivered)
 c - a wand of charming (15)
 d - a wand of iceblast (5)
Scrolls
 a - a scroll of enchant armour {unknown}


   Skills:
 + Level 1.0 Fighting
 + Level 2.4 Dodging
 - Level 1.3 Stealth
 + Level 3.5 Evocations


You couldn't memorise any spells.
You didn't know any spells.
Your spell library was empty.

Dungeon Overview and Level Annotations

Branches:
Dungeon (1/15)

Altars:


Innate Abilities, Weirdness & Mutations

You cannot wear most types of armour.
You are amphibious.
You can wear up to eight rings at the same time.
Your skin changes colour to match your surroundings (Stealth+).
Your rubbery body absorbs attacks. (AC +1, EV +1)
((You are camouflaged when in or above water. (Stealth+)))
You have tentacles for arms and can constrict up to eight enemies at once.


Message History

The hobgoblin hits you.
There are monsters nearby!
You completely miss the hobgoblin. You grab the hobgoblin.
You squeeze the hobgoblin.
You kill the hobgoblin!
The rat bites you.
A rat is nearby!
You closely miss the rat. You grab the rat. You constrict the rat.
The rat closely misses you.
You tentacle-slap the rat.
You kill the rat!
No target in view!
HP restored.
You now have 10 gold pieces.
You see here a hobgoblin corpse.
a - a scroll labelled KOGIKI FIUXTO No target in view!
Found a stone.
No target in view!
A rat and a quokka come into view.
There are monsters nearby!
There are monsters nearby!
The helpless quokka fails to defend itself.
You tentacle-slap the quokka but do no damage.
Your grab misses the quokka. The quokka bites you.
You tentacle-slap the quokka but do no damage.
Your grab misses the quokka. The quokka bites you.
You tentacle-slap the rat but do no damage.
Your grab misses the rat. The quokka bites you.
The rat bites you but does no damage.
You are too injured to fight recklessly!
You barely miss the quokka. Your grab misses the quokka.
The quokka closely misses you. The rat misses you. The quokka misses you.
The rat attacks as you move away! The rat bites you.
You tentacle-slap the quokka. Your grab misses the quokka.
You squeeze the quokka, but do no damage.
The quokka is lightly wounded.
The quokka bites you.
You die...

#.####..........##.#.#
####...#......#..
#...#.###).#.. #...#.#
#..... #...#.###.....
#####.........
#..###....
#########..###...⌠
#@................
######r##############..
#......r....# ###
............#
............#
..............
.....(..........
..^.............
................


You could see a quokka and a rat.

Vanquished Creatures
  A goblin (D:1)
  A hobgoblin (D:1)
  A rat (D:1)
3 creatures vanquished.

Notes
Turn   | Place    | Note
-------+----------+-------------------------------------------
     0 | D:1      | H0rd4k the Octopode Artificer began the quest for the Orb.
     0 | D:1      | Reached XP level 1. HP: 13/13 MP: 1/1
    82 | D:1      | Slain by a quokka

Illustrated notes

Levels and vault maps discovered:
D:1:      wander_arrival_desolate, layout_basic

Action                     || total
---------------------------++-------
  Melee: Unarmed           ||    13
         Constrict         ||     3
         Tentacles         ||     2
   Stab: Sleeping          ||     1
 Armour: Skin              ||     1
  Dodge: Dodged            ||     7
